 Dungeon Crawl Stone Soup version 0.21-a0-273-g0785366 (webtiles) character file.

486 nikopol the Magician (level 6, -13/32 HPs)
             Began as a Deep Elf Fire Elementalist on Sept 17, 2017.
             Killed by divine providence
             ... invoked by an orc priest
              (16 damage)
             ... on level 5 of the Dungeon.
             The game lasted 00:20:35 (4573 turns).

nikopol the Magician (Deep Elf Fire Elementalist)   Turns: 4573, Time: 00:20:36

Health: -13/32     AC:  4    Str:  5    XL:     6   Next: 89%
Magic:  7/17       EV: 13    Int: 22    God:
Gold:   265        SH:  0    Dex: 15    Spells: 11/17 levels left

rFire    . . .     SeeInvis .   m - -2 dagger (curse)
rCold    . . .     Gourm    .   (no shield)
rNeg     . . .     Faith    .   a - +0 robe
rPois    .         Spirit   .   p - +0 helmet
rElec    .         Reflect  .   (no cloak)
rCorr    .         Harm     .   (no gloves)
MR       .....                  w - +0 pair of boots
Stlth    ++........             (no amulet)
HPRegen  0.10/turn              (no ring)
MPRegen  0.15/turn              (no ring)

@: no status effects
A: no striking features
a: no special abilities


You were on level 5 of the Dungeon.
You were not hungry.

You visited 1 branch of the dungeon, and saw 5 of its levels.

You collected 307 gold pieces.
You spent 42 gold pieces at shops.

Inventory:

Hand Weapons
 m - a cursed -2 dagger (weapon)
 x - a +4 dagger of speed
Armour
 a - a +0 robe (worn)
 p - a +0 helmet (worn)
 w - a +0 pair of boots (worn)
Jewellery
 r - an uncursed amulet of faith {unknown}
 s - an uncursed ring of poison resistance {unknown}
Wands
 o - a wand of disintegration (11/24)
 u - a wand of paralysis (19/24)
Scrolls
 g - 4 scrolls of enchant armour {unknown}
 h - 2 scrolls of identify {unknown}
 i - 3 scrolls of remove curse {unknown}
 k - a scroll of noise {unknown}
 n - a scroll of amnesia {unknown}
 t - a scroll of immolation {unknown}
 y - a scroll of recharging {unknown}
 C - a scroll of teleportation
Potions
 d - a potion of haste {unknown}
 e - 3 potions of brilliance {unknown}
 j - a potion of mutation {unknown}
 l - 3 potions of heal wounds {unknown}
 q - 2 potions of might {unknown}
 z - 2 potions of curing
 B - a potion of berserk rage {unknown}
Books
 b - a book of Flames

   Spells                             Type                      Level
   a - Flame Tongue                   Conjuration/Fire             1
   b - Throw Flame                    Conjuration/Fire             2
   c - Conjure Flame                  Conjuration/Fire             3
   d - Inner Flame                    Hexes/Fire                   3
   e - Sticky Flame                   Conjuration/Fire             4
   f - Fireball                       Conjuration/Fire             5
Comestibles
 c - 3 bread rations
 f - 3 royal jellies
 v - a chunk of flesh
 A - a meat ration


   Skills:
 + Level 0.2 Fighting
 + Level 3.2 Dodging
 + Level 3.2 Stealth
 + Level 6.2 Spellcasting
 + Level 3.8 Conjurations
 + Level 5.4 Fire Magic


You had 11 spell levels left.
You knew the following spells:

 Your Spells              Type           Power        Failure   Level  Hunger
a - Flame Tongue          Conj/Fire      ####.        1%          1    None
b - Throw Flame           Conj/Fire      ####..       1%          2    None
c - Conjure Flame         Conj/Fire      ####....     4%          3    #......


Dungeon Overview and Level Annotations

Branches:
Dungeon (5/15)             Temple (0/1) D:4

Altars:
The Shining One

Shops:
D:5 *


Message History

Aim: an orc priest, wielding a hand axe and wearing a ring mail The flame tongue hits the orc priest.
The orc priest is lightly wounded.
The orc priest calls down the wrath of Beogh upon you.
Beogh smites you!
Ouch! That really hurt!
* * * LOW HITPOINT WARNING * * *
You hear a shout!
Casting: Flame Tongue
Confirm with . or Enter, or press ? or * to list all spells.
Aiming: Flame Tongue
Press: ? - help, Shift-Dir - straight line, f/p - orc priest
Aim: an orc priest, wielding a hand axe and wearing a ring mail (lightly wounded)
The flame tongue hits the orc priest.
The orc priest is moderately wounded.
You hear a shout! x3
The orc priest invokes the aid of Beogh against you.
Beogh smites you!
Ouch! That really hurt!
You die...

##### #######.# #...#
#.......#
#...#########.########
....................>#
#...#############.####
##### #......@.#..
#.######.#.# #.#.#
#ยง#.# #o#.# #...#
.o..(......oo#
.##........###
#..........


You could see an orc priest.

Vanquished Creatures
  An ogre (D:4)
  A scorpion (D:4)
  3 orc wizards (D:4)
  Terence (D:2)
  2 iguanas (D:5)
  2 worker ants
  Robin (D:2)
  A howler monkey skeleton (D:5)
  3 adders
  An adder skeleton (D:4)
  4 worms
  2 dart slugs
  A leopard gecko (D:3)
  8 orcs
  3 giant cockroaches
  16 goblins
  13 hobgoblins
  A quokka (D:1)
  4 ball pythons
  4 bats
  2 frilled lizards
  3 kobolds
  6 rats
83 creatures vanquished.

Notes
Turn   | Place    | Note
-------+----------+-------------------------------------------
     0 | D:1      | nikopol the Deep Elf Fire Elementalist began the quest for the Orb.
     0 | D:1      | Reached XP level 1. HP: 10/10 MP: 6/6
   248 | D:1      | Reached XP level 2. HP: 14/15 MP: 1/8
   836 | D:2      | Reached XP level 3. HP: 19/19 MP: 7/10
   879 | D:2      | Noticed Robin
   890 | D:1      | Learned a level 2 spell: Throw Flame
   894 | D:1      | Learned a level 3 spell: Conjure Flame
  1845 | D:2      | Noticed Terence
  1973 | D:2      | Reached skill level 4 in Spellcasting
  2097 | D:2      | Reached XP level 4. HP: 24/24 MP: 7/12
  2143 | D:2      | Killed Robin
  2287 | D:2      | Found a glowing golden altar of the Shining One.
  2413 | D:2      | Killed Terence
  2779 | D:3      | Reached XP level 5. HP: 24/28 MP: 8/13
  3275 | D:4      | Noticed an ogre
  3308 | D:4      | Killed an ogre
  3308 | D:4      | Reached skill level 5 in Spellcasting
  3308 | D:4      | Reached skill level 5 in Fire Magic
  3379 | D:4      | Reached XP level 6. HP: 32/32 MP: 9/16
  3870 | D:4      | Reached skill level 6 in Spellcasting
  4000 | D:4      | Found a staircase to the Ecumenical Temple.
  4513 | D:5      | Entered Level 5 of the Dungeon
  4513 | D:5      | Found Vanulame's General Store.
  4521 | D:5      | Bought a scroll of teleportation for 42 gold pieces
  4573 | D:5      | Killed from afar by an orc priest

Vault maps used:
D:1:      nzn_arrival_crosshair, minmay_misc_feat_alley
D:2:      tso_altar, hangedman_decor_opposing, grunt_ministairs_2, uniq_terence,
          uniq_robin
D:3:      first_bread, kennysheep_generic_room_14
D:4:      minmay_temple_entry_enclosed_plants
D:5:      kennysheep_little_box, grunt_temple_overflow_open, serial_shops, shop

Skill      XL: |  1  2  3  4  5  6 |
---------------+-------------------+-----
Fire Magic     | 4 5 |  5.4
Spellcasting   | 4 5 6 |  6.2
Conjurations   | 2 3 |  3.8
Dodging        | 3 |  3.2
Stealth        | 3 |  3.2
Fighting       | |  0.2

Action                   |  1- 3 |  4- 6 || total
-------------------------+-------+-------++-------
Melee: Dagger            |       |     9 ||     9
 Cast: Flame Tongue      |    74 |    93 ||   167
       Throw Flame       |     9 |     6 ||    15
       Conjure Flame     |     1 |     3 ||     4
  Eat: Chunk             |     4 |     7 ||    11
Armor: Robe              |     9 |     6 ||    15
Dodge: Dodged            |    20 |    25 ||    45

Table legend:
 A = Spawn XP
 B = Non-spawn XP
 C = Spawn XP percentage of total XP
 D = Spawn monster count
 E = Non-spawn monster count
 F = Spawn count percentage of total count
 G = Total turns spent on level
                    A         B        C        D         E        F      G
               +---------+---------+-------+---------+---------+-------+---------
         Total |       0 |     695 |   0.0 |       0 |      83 |   0.0 |  4573
               +---------+---------+-------+---------+---------+-------+---------
           D:1 |       0 |      30 |   0.0 |       0 |      15 |   0.0 |  1289
           D:2 |       0 |     132 |   0.0 |       0 |      30 |   0.0 |  1339
           D:3 |       0 |      88 |   0.0 |       0 |      22 |   0.0 |   747
           D:4 |       0 |     359 |   0.0 |       0 |      13 |   0.0 |  1138
           D:5 |       0 |      86 |   0.0 |       0 |       3 |   0.0 |    60
               +---------+---------+-------+---------+---------+-------+---------
